 Dungeon Crawl Stone Soup version 0.17-a0-1037-gbf358b4 (webtiles) character file.

145469 abixa the Severer (level 17, -3/237 HPs)
             Began as a Hill Orc Fire Elementalist on May 14, 2015.
             Was the Champion of Makhleb.
             Killed from afar by a bog body (10 damage)
             ... with a bolt of cold
             ... on level 4 of the Swamp.
             The game lasted 03:13:49 (36997 turns).

abixa the Severer (Hill Orc Fire Elementalist)     Turns: 36997, Time: 03:13:49

Health: -3/237     AC: 28    Str: 22    XL:     17   Next: 42%
Magic:  36/36      EV:  2    Int: 22    God:    Makhleb [******]
Gold:   2341       SH:  0    Dex: 14    Spells: 5 memorised, 11 levels left

rFire  . . .     SeeInvis .     a - +9 executioner's axe (vamp)
rCold  + . .     Clarity  .     (armour currently unavailable)
rNeg   + + +     SustAb   .     (no shield)
rPois  +         Gourm    .     (helmet currently unavailable)
rElec  +         Spirit   .     (cloak currently unavailable)
rCorr  .         Warding  .     (gloves currently unavailable)
rMut   +         NoTele   +     (boots currently unavailable)
MR     +....                    e - amulet of resist mutation
Stlth  ++........               p - ring "Qith" {rElec MP+9 Str+8}
                                Z - ring "Jych" {rC+ rN+ Int+3 Dex+3}

@: lethally poisoned (-3 -> -28), tree-form, very slightly contaminated,
somewhat resistant to hostile enchantments, unstealthy
A: no striking features
a: Minor Destruction, Lesser Servant of Makhleb, Major Destruction, Greater
Servant of Makhleb, Renounce Religion


You were on level 4 of the Swamp.
You worshipped Makhleb.
Makhleb was exalted by your worship.
You were near starving.
You were a tree.
You visited 5 branches of the dungeon, and saw 32 of its levels.
You also visited: Ice Cave.

You collected 3025 gold pieces.
You spent 684 gold pieces at shops.

Inventory:

Hand weapons
 a - a +9 vampiric executioner's axe (weapon)
 f - the +1 broad axe "Xeiph" {elec, rF++ Int-5 SInv}
   (You found it on level 3 of the Swamp)

   Occasionally, upon striking a foe, it will discharge some electrical energy
   and cause terrible harm.
   It affects your intelligence (-5).
   It greatly protects you from fire.
   It lets you see invisible.
Missiles
 d - 9 sling bullets
 l - 34 poisoned needles
 o - a throwing net (quivered)
Armour
 h - a +2 cloak (melded)
 u - the +7 leather armour of the Hidden Nights (melded) {rN++}
   (You found it on level 5 of the Lair of Beasts)

   It greatly protects you from negative energy.
 v - the cursed +1 scale mail of Heresy {rElec rF+}
   (You found it on level 3 of the Swamp)

   It protects you from fire.
   It insulates you from electricity.
   It has a curse placed upon it.
 K - a +2 helmet (melded)
 X - the +1 pair of gloves of the Evening (melded) {MR+ SInv}
   (You bought it in a shop on level 4 of the Orcish Mines)

   It affects your resistance to hostile enchantments.
   It lets you see invisible.
Jewellery
 e - an amulet of resist mutation (around neck)
 p - the ring "Qith" (right branch) {rElec MP+9 Str+8}
   (You found it on level 5 of the Lair of Beasts)

   [ring of magical power]

   It affects your strength (+8).
   It insulates you from electricity.
   It affects your magic capacity (+9).
 D - an uncursed ring of protection from magic
 E - an uncursed ring of protection from magic
 H - an uncursed ring of protection from fire
 L - an uncursed ring of flight
 T - an uncursed ring of ice
 Z - the ring "Jych" (left branch) {rC+ rN+ Int+3 Dex+3}
   (You took it off a centaur warrior on level 14 of the Dungeon)

   [ring of dexterity]

   It affects your intelligence (+3).
   It affects your dexterity (+3).
   It protects you from cold.
   It protects you from negative energy.
Magical devices
 i - a wand of disintegration (13)
 k - a wand of confusion (34)
 N - a wand of digging (16)
 O - a wand of hasting (3)
 R - a wand of enslavement (3)
 Y - a wand of disintegration (7)
Scrolls
 c - 2 scrolls of vulnerability
 g - a scroll of recharging
 j - a scroll of blinking
 m - 5 scrolls of immolation
 n - 9 scrolls of remove curse
 w - 10 scrolls of magic mapping
 y - 5 scrolls of fog
 B - a scroll of enchant weapon
 I - 4 scrolls of fear
 W - 6 scrolls of teleportation
Potions
 b - 3 potions of brilliance
 q - 8 potions of agility
 s - 6 potions of flight
 t - 4 potions of might
 x - 5 potions of lignification
 A - 9 potions of curing
 C - 3 potions of heal wounds
 G - a potion of cancellation {unknown}
 J - 3 potions of resistance
 M - 3 potions of berserk rage
Comestibles
 r - 2 bread rations
 z - a royal jelly
 S - 6 fruits


   Skills:
 - Level 16.0 Fighting
 + Level 19.3 Axes
 - Level 7.0 Armour
 - Level 5.0 Dodging
 - Level 1.5 Stealth
 + Level 5.1 Spellcasting
 - Level 12.0 Conjurations
 - Level 13.3 Fire Magic
 - Level 14.1 Invocations


You had 11 spell levels left.
You knew the following spells:

 Your Spells              Type           Power        Failure   Level  Hunger
a - Flame Tongue          Conj/Fire      #####        1%          1    None
b - Throw Flame           Conj/Fire      ######       1%          2    None
c - Conjure Flame         Conj/Fire      ######..     1%          3    ##.....
d - Sticky Flame          Conj/Fire      ######..     1%          4    ####...
e - Fireball              Conj/Fire      ######....   1%          5    #####..


Dungeon Overview and Level Annotations

Branches:
Dungeon (15/15)            Temple (1/1) D:5            Lair (8/8) D:11
  Swamp (4/4) Lair:4        Snake (0/4) Lair:4        Slime (0/6) Lair:6
    Orc (4/4) D:11            Elf (0/3) Orc:3        Vaults (0/5) D:13
 Depths (0/5) D:15

Altars:
Ashenzari
Cheibriados
Dithmenos
Elyvilon
Fedhas
Gozag
Kikubaaqudgha
Makhleb
Nemelex Xobeh
Okawaru
Qazlal
Ru
Sif Muna
Trog
Vehumet
Xom
Yredelemnul
Zin
The Shining One
Beogh
Jiyva

Shops:
D:10 *   D:12 (   D:15 (   Orc:4 %:*[


Message History

Your cacodemon closely misses the green death.
Your cacodemon hits the green death.
Drink which item? (? for menu, Esc to quit)
You turn into a tree.
Your roots penetrate the ground.
You feel strangely stable.
* * * LOW HITPOINT WARNING * * *
You feel very sick. The thrashing horror tramples you.
* * * LOW HITPOINT WARNING * * *
The thrashing horror tramples you.
* * * LOW HITPOINT WARNING * * *
The cacodemon hits you!
* * * LOW HITPOINT WARNING * * *
The cacodemon hits you.
* * * LOW HITPOINT WARNING * * *
The swamp dragon breathes poison at you.
The blast of poison engulfs you! You resist.
The bog body points at you and mumbles some strange words.
The bolt of cold hits you! You resist.
You die...

.≈.t.D≈≈.#≈
.2.D†...#≈#≈#. ≈..
≈≈≈≈≈§≈≈≈♣≈#≈≈≈
#≈≈
♣≈≈≈≈≈≈##≈≈.#.≈
≈≈# ## ≈ ≈.≈...♣#
≈≈.≈≈≈ #§# ..#≈#
..≈≈..♣
≈.≈.≈≈#≈≈##.#≈≈≈
≈≈≈≈≈≈.#
≈≈≈≈≈≈n#≈≈.#.≈≈≈
≈≈≈P≈≈?#
≈≈≈≈≈.#§§≈≈≈≈≈≈≈
.≈≈≈≈≈.# #2♣X≈#
#≈≈≈♣##D§§#≈#≈♣.≈
#.
≈≈≈≈≈≈≈.§≈≈1.≈≈≈.
≈≈
.#.###≈≈≈≈2#≈#.≈♣
≈2# #
#≈≈≈≈#2..#≈≈#≈. .#
#≈≈♣.≈.≈!≈.#≈≈#..
.≈#.≈#...#≈.#≈.#.#
≈#≈
♣≈.#≈#≈§#≈≈≈≈##≈
##≈≈
.≈≈≈.≈≈..≈≈≈≈§≈≈


You could see a cacodemon, a green death, a swamp dragon, a thrashing horror, a
bog body, a friendly cacodemon and a friendly Executioner.

Vanquished Creatures
  Rupert (Orc:4)
  3 thorn hunters
  A fire giant (D:15)
  A war gargoyle (D:12)
  A very ugly thing (Swamp:4)
  4 vault guards (D:13)
  Fannar (Orc:2)
  20 hydras
  3 ghost crabs
  6 death yaks
  A salamander stormcaller (D:14)
  5 centaur warriors
  A tengu warrior (D:15)
  7 alligators
  A deep troll earth mage (D:14)
  3 orc high priests (Orc:4)
  Sonja (Lair:1)
  Nergalle (Orc:1)
  An unseen horror (D:15)
  A swamp dragon (Swamp:2)
  A spectral hydra (Swamp:3)
  3 hill giants
  A flayed ghost (D:14)
  A shambling mangrove (Swamp:1)
  An ice statue (IceCv)
  Pikel (D:6)
  8 griffons
  An oklob plant (Lair:1)
  8 orc knights
  A manticore (D:12)
  6 orc sorcerers
  10 ugly things
  2 necromancers
  11 elephants
  4 cyclopes
  A draconian (shapeshifter) (D:14)
  7 black mambas
  Maurice (Orc:3)
  Joseph (D:7)
  4 centaur zombies
  An orange demon (Swamp:4)
  23 spiny frogs
  A spectral spriggan (Swamp:3)
  10 gargoyles
  3 fire drakes
  9 komodo dragons
  An efreet (D:14)
  A swamp worm zombie (Swamp:2)
  A tengu conjurer (D:15)
  2 yaktaurs (D:14)
  10 freezing wraiths (IceCv)
  2 spriggan druids
  A wolf spider simulacrum (IceCv)
  6 polar bears
  A hydra zombie (Swamp:2)
  2 slime creatures
  5 giant leeches
  3 bog bodies
  7 trolls
  7 ravens
  16 blink frogs
  An alligator zombie (Swamp:2)
  A spectral giant leech (Swamp:3)
  A deep elf mage (D:15)
  10 spriggans
  30 orc warriors
  Sigmund (D:5)
  2 wraiths
  4 redbacks (Lair:8)
  2 basilisks
  4 shadows
  A giant leech zombie (Swamp:2)
  18 hippogriffs
  21 yaks
  10 vampire mosquitoes
  Grum (D:9)
  A ynoxinul (Orc:4)
  A spectral raven (Swamp:4)
  25 wolves
  5 hungry ghosts
  Edmund (D:6)
  21 swamp worms
  4 wargs
  4 nagas (Lair:4)
  18 insubstantial wisps
  A neqoxec (Orc:4)
  15 water moccasins
  15 porcupines
  A slave (D:6)
  8 swamp drakes
  A necrophage (D:5)
  20 ice beasts
  8 black bears (Lair:8)
  7 spiders (D:14)
  A sky beast (D:10)
  12 ogres
  3 phantoms
  An eye of draining (D:12)
  4 wasps
  9 centaurs
  14 crocodiles
  A brain worm (D:15)
  A big kobold (D:11)
  11 giant frogs
  2 scorpions
  13 killer bees
  A wyvern skeleton (D:14)
  13 wights
  3 electric eels
  5 crimson imps
  27 orc priests
  A wasp zombie (D:9)
  A quasit (D:9)
  4 draconian simulacra (IceCv)
  A giant frog zombie (D:5)
  7 hounds
  41 orc wizards
  A giant frog skeleton (D:12)
  11 jellies
  9 centaur skeletons
  7 worker ants
  10 iguanas
  A wolf simulacrum (IceCv)
  A polar bear simulacrum (IceCv)
  5 centaur simulacra (IceCv)
  24 sheep
  5 troll simulacra (IceCv)
  A hound zombie (D:9)
  A hound skeleton (D:8)
  Robin (D:4)
  17 adders
  A swamp drake zombie (Swamp:2)
  6 gnolls
  40 river rats
  3 naga simulacra (IceCv)
  A worker ant zombie (D:5)
  2 shadow imps
  3 ogre simulacra (IceCv)
  12 white imps (IceCv)
  15 oozes
  2 worms
  169 orcs
  18 bats
  A bat zombie (D:8)
  30 goblins
  23 hobgoblins
  6 jackals
  17 kobolds
  4 quokkas
  8 giant cockroaches
  4 giant geckos
  A giant gecko skeleton (D:9)
  4 giant newts
  2 quokka skeletons (D:9)
  9 rats
  4 briar patches (Swamp:2)
  2 bushes (D:12)
  22 fungi
  9 plants
1199 creatures vanquished.

Vanquished Creatures (collateral kills)
  A thorn hunter (Swamp:2)
  Aizul (Swamp:2)
  The ghost of l0ser140 the Covert, a powerful NaWr of Cheibriados (Orc:4)
  A thrashing horror (Swamp:4)
  A shambling mangrove (Swamp:3)
  An ugly thing (Swamp:4)
  2 rust devils (D:14)
  An orange demon (D:14)
  3 slime creatures (Swamp:4)
  A deep elf mage (D:14)
  2 ravens (Swamp:3)
  A shadow (D:15)
  A hungry ghost (D:15)
  A naga (shapeshifter) (D:14)
  An ice beast (IceCv)
  A spider (D:14)
  A swamp drake (Swamp:2)
  A centaur (D:6)
  An elephant simulacrum (IceCv)
  4 iron imps (D:14)
  An orc (D:6)
  2 briar patches (Swamp:2)
30 creatures vanquished.

Vanquished Creatures (others)
  An Executioner (Swamp:2)
  A wizard (D:13)
  An orange demon (Lair:8)
  A hellwing (Orc:4)
  A ynoxinul (Orc:4)
  An insubstantial wisp (Swamp:3)
  A killer bee (D:7)
  A worker ant (D:6)
  7 ufetubi (Orc:4)
  A quokka (D:14)
  2 briar patches (Swamp:2)
  2 fungi
  2 plants (Lair:8)
22 creatures vanquished.

Grand Total: 1251 creatures vanquished

Notes
Turn   | Place    | Note
--------------------------------------------------------------
     0 | D:1      | abixa the Hill Orc Fire Elementalist began the quest for the Orb.
     0 | D:1      | Reached XP level 1. HP: 14/14 MP: 3/3
   261 | D:1      | Reached XP level 2. HP: 20/20 MP: 2/4
   859 | D:1      | Learned a level 2 spell: Throw Flame
  1075 | D:2      | Reached XP level 3. HP: 26/26 MP: 2/5
  1484 | D:2      | Found a shadowy altar of Dithmenos.
  1491 | D:2      | Reached skill level 4 in Fire Magic
  1670 | D:2      | Found a sparkling altar of Nemelex Xobeh.
  1817 | D:2      | Reached XP level 4. HP: 30/33 MP: 7/7
  1956 | D:2      | Found a deep blue altar of Sif Muna.
  2369 | D:2      | Reached skill level 1 in Fighting
  2947 | D:3      | Reached XP level 5. HP: 32/42 MP: 4/8
  3788 | D:3      | Reached skill level 1 in Armour
  3951 | D:4      | Noticed Robin
  4093 | D:3      | Learned a level 3 spell: Conjure Flame
  4104 | D:4      | Killed Robin
  4251 | D:4      | Reached XP level 6. HP: 50/52 MP: 6/9
  5465 | D:5      | Entered Level 5 of the Dungeon
  5603 | D:5      | Got a steaming short sword
  5631 | D:5      | Reached skill level 5 in Fire Magic
  5631 | D:5      | Reached XP level 7. HP: 57/59 MP: 6/10
  5894 | D:5      | Found a staircase to the Ecumenical Temple.
  5905 | Temple   | Entered the Ecumenical Temple
  5909 | Temple   | Became a worshipper of Makhleb the Destroyer
  6074 | D:5      | Noticed Sigmund
  6102 | D:5      | Killed Sigmund
  6102 | D:5      | Reached skill level 5 in Conjurations
  6195 | D:5      | Reached skill level 6 in Fire Magic
  6371 | D:5      | Reached XP level 8. HP: 53/65 MP: 11/11
  6397 | D:5      | Identified the +4 short sword "Sar Hioc" {venom, Str+2} (You found it on level 5 of the Dungeon)
  6456 | D:6      | Found a glowing silver altar of Zin.
  6457 | D:6      | Noticed an angel
  6458 | D:6      | Found a shimmering altar of Xom.
  6459 | D:6      | Noticed Edmund
  6477 | D:6      | Killed Edmund
  6586 | D:6      | Got a jewelled war axe
  6588 | D:6      | Identified the +10 war axe "Tegga" {flame, Str+4 Dex+3 SInv} (You found it on level 6 of the Dungeon)
  6596 | D:6      | Learned a level 4 spell: Sticky Flame
  6638 | D:6      | Noticed Pikel
  6656 | D:6      | Killed Pikel
  6767 | D:6      | Reached skill level 7 in Axes
  6771 | D:6      | Reached XP level 9. HP: 52/70 MP: 8/12
  6993 | D:6      | Reached skill level 8 in Axes
  7033 | D:6      | Reached skill level 9 in Axes
  7059 | D:6      | Acquired Makhleb's first power
  7959 | D:7      | Found a sparkling altar of Nemelex Xobeh.
  8003 | D:7      | Reached skill level 10 in Axes
  8635 | D:7      | Found a shattered altar of Ashenzari.
  8687 | D:7      | Reached skill level 11 in Axes
  8940 | D:7      | Noticed Joseph
  8980 | D:7      | Killed Joseph
  8980 | D:7      | Reached skill level 12 in Axes
  9561 | D:8      | Found an ancient bone altar of Kikubaaqudgha.
  9645 | D:8      | Reached XP level 10. HP: 78/78 MP: 12/13
  9798 | D:8      | Acquired Makhleb's second power
  9980 | D:8      | Reached skill level 13 in Axes
 10023 | D:8      | Found a basalt altar of Yredelemnul.
 10788 | D:9      | Reached skill level 14 in Axes
 11066 | D:9      | Noticed Grum
 11090 | D:9      | Killed Grum
 11365 | D:10     | Entered Level 10 of the Dungeon
 11387 | D:10     | Found Mammyuhi's General Store.
 11401 | D:10     | Bought a scroll of identify for 26 gold pieces
 11401 | D:10     | Bought a potion of flight for 39 gold pieces
 11401 | D:10     | Bought a scroll of identify for 26 gold pieces
 11401 | D:10     | Bought a potion of curing for 39 gold pieces
 11401 | D:10     | Bought a scroll of holy word for 97 gold pieces
 11712 | D:10     | Acquired Makhleb's third power
 11712 | D:10     | Reached skill level 15 in Axes
 11930 | D:10     | Reached skill level 1 in Invocations
 12341 | D:11     | Reached XP level 11. HP: 39/85 MP: 14/14
 12526 | D:11     | Found a staircase to the Lair.
 12569 | D:11     | Noticed an orc knight
 12584 | D:11     | Killed an orc knight
 12584 | D:11     | Reached skill level 5 in Fighting
 12716 | D:11     | Found a staircase to the Orcish Mines.
 12719 | D:11     | Noticed an orc knight
 12731 | D:11     | Acquired Makhleb's fourth power
 12741 | D:11     | Killed an orc knight
 12748 | D:11     | Learned a level 5 spell: Fireball
 12892 | Lair:1   | Entered Level 1 of the Lair of Beasts
 12960 | Lair:1   | Reached skill level 5 in Armour
 13095 | Lair:1   | Noticed a five-headed hydra
 13107 | Lair:1   | Killed a four-headed hydra
 13107 | Lair:1   | Reached skill level 5 in Invocations
 13116 | Lair:1   | Noticed Sonja
 13318 | Lair:2   | Reached skill level 16 in Axes
 13903 | Lair:2   | Acquired Makhleb's fifth power
 14154 | Lair:3   | Reached XP level 12. HP: 70/100 MP: 17/17
 14338 | Lair:3   | Noticed an eight-headed hydra
 14347 | Lair:3   | Killed a seven-headed hydra
 15384 | Lair:4   | Found a staircase to the Snake Pit.
 15441 | Lair:4   | Reached skill level 10 in Invocations
 15493 | Lair:4   | Found a staircase to the Swamp.
 15527 | Lair:4   | Noticed a six-headed hydra
 15539 | Lair:4   | Killed a four-headed hydra
 15596 | Lair:4   | Noticed a seven-headed hydra
 15601 | Lair:4   | Killed a two-headed hydra
 15852 | Lair:4   | Noticed a five-headed hydra
 15867 | Lair:4   | Killed a two-headed hydra
 16023 | Lair:4   | Reached XP level 13. HP: 99/107 MP: 21/21
 16044 | Lair:4   | Noticed a four-headed hydra
 16047 | Lair:4   | Killed a one-headed hydra
 16983 | Lair:5   | Got a scintillating silver ring
 16984 | Lair:5   | Identified the ring "Qith" {rElec MP+9 Str+8} (You found it on level 5 of the Lair of Beasts)
 17138 | Lair:5   | Got a jewelled leather armour
 17671 | Lair:6   | Reached skill level 10 in Fire Magic
 18089 | Lair:6   | Identified the +7 leather armour of the Hidden Nights {rN++} (You found it on level 5 of the Lair of Beasts)
 18541 | Lair:6   | Found a viscous altar of Jiyva.
 18542 | Lair:6   | Found a staircase to the Slime Pits.
 18636 | Lair:6   | Got an encrusted leather armour
 18725 | Lair:6   | Identified the cursed +1 leather armour "Restuuff" {Regen+ Str-4 SInv} (You found it on level 6 of the Lair of Beasts)
 19122 | Lair:7   | Reached XP level 14. HP: 115/118 MP: 24/24
 19314 | Lair:7   | Reached skill level 10 in Fighting
 19797 | Lair:7   | Got a heavy robe
 19919 | Lair:8   | Entered Level 8 of the Lair of Beasts
 20003 | Lair:8   | Reached skill level 5 in Dodging
 21246 | Lair:8   | Identified the Reference Book on Feathery Malediction
 21870 | Lair:2   | Identified the +2 robe of Cheibriados's Hope {Str+4 Int+3 Stlth+} (You found it on level 7 of the Lair of Beasts)
 22277 | Lair:1   | Killed Sonja
 22398 | D:11     | Noticed a cyclops
 22407 | D:11     | Killed a cyclops
 23018 | Orc:1    | Entered Level 1 of the Orcish Mines
 23172 | Orc:1    | Reached XP level 15. HP: 131/139 MP: 13/25
 23214 | Orc:1    | Found a roughly hewn altar of Beogh.
 23622 | Orc:2    | Noticed Nergalle
 23631 | Orc:1    | Killed Nergalle
 23669 | Orc:2    | Noticed Fannar
 23685 | Orc:2    | Killed Fannar
 24055 | Orc:3    | Noticed Maurice
 24115 | Orc:3    | Found a staircase to the Elven Halls.
 24260 | Orc:3    | Killed Maurice
 24260 | Orc:3    | Reached skill level 15 in Fighting
 24489 | Orc:3    | Found a roughly hewn altar of Beogh.
 25018 | Orc:4    | Entered Level 4 of the Orcish Mines
 25163 | Orc:4    | Noticed l0ser140's ghost (powerful NaWr)
 25215 | Orc:4    | Noticed Rupert
 25242 | Orc:4    | Killed Rupert
 26315 | Orc:4    | Killed l0ser140's ghost
 26705 | Orc:4    | Found Sajeg's Armour Boutique.
 26721 | Orc:4    | Found Vyit's Assorted Antiques.
 26730 | Orc:4    | Found Titatoc's Food Boutique.
 26730 | Orc:4    | Found Koychoil's Book Shoppe.
 26771 | Orc:4    | Bought a scroll labeled JARGHU SOBO for 31 gold pieces
 26771 | Orc:4    | Bought a scroll labeled JARGHU SOBO for 31 gold pieces
 26771 | Orc:4    | Bought a bubbling white potion for 27 gold pieces
 26773 | Orc:4    | Bought the +1 pair of gloves of the Evening {MR+ SInv} for 368 gold pieces
 27125 | D:12     | Found a frozen archway.
 27164 | IceCv    | Entered an ice cave
 27480 | IceCv    | Found an ancient bone altar of Kikubaaqudgha.
 27866 | D:12     | Reached skill level 10 in Conjurations
 28405 | D:12     | Found Doduqifo's Weapon Boutique.
 28951 | D:13     | Reached XP level 16. HP: 149/151 MP: 26/26
 29148 | D:13     | Found a gate to the Vaults.
 30591 | D:14     | Found a basalt altar of Yredelemnul.
 30746 | D:14     | Got a pitted platinum ring
 30785 | D:14     | Identified the ring "Jych" {rC+ rN+ Int+3 Dex+3} (You took it off a centaur warrior on level 14 of the Dungeon)
 30805 | D:14     | Got an uncursed warped whip {flame}
 31068 | D:14     | Found a white marble altar of Elyvilon.
 31288 | D:15     | Entered Level 15 of the Dungeon
 31307 | D:15     | Found Ziaxzips's Antique Weapon Boutique.
 31481 | D:15     | Found a staircase to the Depths.
 31959 | D:15     | Identified the +6 whip "Taleaseress" {flame, rPois rC+ Int+3} (You took it off a centaur warrior on level 14 of the Dungeon)
 32691 | Lair:2   | Identified a scroll of acquirement
 32865 | Swamp:1  | Entered Level 1 of the Swamp
 33302 | Swamp:1  | Found an ancient bone altar of Kikubaaqudgha.
 33443 | Swamp:1  | Noticed a thorn hunter
 33448 | Swamp:1  | Killed a thorn hunter
 33833 | Swamp:2  | Noticed Aizul
 33960 | Swamp:2  | Reached skill level 17 in Axes
 34128 | Swamp:2  | Noticed a thorn hunter
 34149 | Swamp:2  | Killed a thorn hunter
 34378 | Swamp:2  | Killed Aizul
 34378 | Swamp:2  | Reached XP level 17. HP: 95/158 MP: 27/27
 34421 | Swamp:2  | Noticed a thorn hunter
 34427 | Swamp:2  | Killed a thorn hunter
 34427 | Swamp:2  | Reached skill level 18 in Axes
 34844 | Swamp:3  | Got an ebony broad axe
 34845 | Swamp:3  | Identified the +1 broad axe "Xeiph" {elec, rF++ Int-5 SInv} (You found it on level 3 of the Swamp)
 34982 | Swamp:3  | Got an encrusted scale mail
 35001 | Swamp:3  | Identified the cursed +1 scale mail of Heresy {rElec rF+} (You found it on level 3 of the Swamp)
 35546 | Swamp:3  | Found a blossoming altar of Fedhas.
 36253 | Swamp:4  | Entered Level 4 of the Swamp
 36303 | Swamp:4  | Reached skill level 19 in Axes
 36978 | Swamp:4  | Reached skill level 5 in Spellcasting
 36997 | Swamp:4  | HP: 7/237 [cacodemon[the player character] (6)]
 36997 | Swamp:4  | Killed from afar by a bog body

Vault maps used:
D:1:      ncdulo_halloftheorcs, patterned_corridor
D:2:      old_standard_altar, grunt_temple_overflow_open,
          serial_co_window_serial, co_window_corner_a, co_window_corner_a,
          co_window_of_opportunity_a, co_window_paths_a,
          co_window_of_opportunity_a, co_window_2corner,
          co_window_unsneaky_path_c, co_window_corner_b,
          co_window_of_opportunity_b, co_window_broadway_c, co_window_2corner,
          glass_columns_b, serial_bayou_pond_b, kennysheep_generic_room_6
D:3:      corexii_shack, kennysheep_boxes
D:4:      kennysheep_six_static_rooms, first_bread, uniq_robin
D:5:      minmay_temple_entry_poolview, serial_bayou_lagoon_a,
          minmay_crystal_room, uniq_sigmund
D:6:      grunt_temple_overflow_order_and_chaos_1, serial_bayou,
          serial_bayou_pond_d, serial_bayou_ford_a, serial_bayou_pond_c,
          serial_bayou_pond_a, uniq_pikel, uniq_edmund
D:7:      lemuel_coloured_pillars_altar, nemelex_xobeh_ov_fountains_minmay,
          uniq_joseph
D:8:      lemuel_doored_altar, basic_altar
D:9:      uniq_grum
D:10:     serial_shops, shop_fountains, serial_glass, glass_columns_b,
          glass_columns_a, glass_columns_a, glass_columns_c, the_bakery
D:11:     lemuel_slime, minmay_lair_entry_lava, orc_david_3
D:12:     gargoyle_guard, serial_column_ruins, column_ruins_hut_water,
          column_ruins_open_tiny_water, column_ruins_columns_straight,
          column_ruins_columns_straight, column_ruins_columns_straight,
          column_ruins_grid_3, column_ruins_grid_3,
          portal_ice_cave_entry_ice_beasts, serial_shops, shop,
          minmay_door_square, minmay_hedge_maze
D:13:     lightli_vaults_fourway_checkpoint
D:14:     minmay_expanding_squares, elyvilon_altar_4, spider_trap,
          lemuel_hellish_altar
D:15:     grunt_enter_depths_giant_problem, serial_shops,
          nicolae_shop_overgrown_old_shop
Temple:   minmay_freezing_vapour_temple_12
Lair:1:   minmay_lair_oklob_chamber, lemuel_fruit_tree, uniq_sonja
Lair:3:   serial_bayou_shore_b
Lair:4:   nicolae_swamp_entry_splash_gauntlet,
          minmay_snake_entry_guardpost_small, st_stairs_7
Lair:5:   st_stairs_7, serial_bayou_shore_b, serial_bayou_shore_a,
          serial_bayou_shore_b
Lair:6:   dpeg_slime_entry_enclosed_altar, grunt_megastairs_2
Lair:7:   st_stairs_3, infiniplex_staircase_pool
Lair:8:   minmay_lair_end_enchanted_forest, lemuel_fruit_fields
Swamp:1:  nicolae_swamp_godswood
Swamp:2:  nicolae_swamp_rocky_clearing, nicolae_swamp_necromancer_hut,
          uniq_aizul
Swamp:3:  basic_altar
Swamp:4:  swamp_vile
Orc:1:    nicolae_orc_accident_2
Orc:2:    uniq_fannar, uniq_nergalle
Orc:3:    basic_altar, nicolae_orc_pool_cavern, uniq_maurice
Orc:4:    st_orc_elflike, uniq_rupert
IceCv:    ice_cave_small_necro

Action                   |  1- 3 |  4- 6 |  7- 9 | 10-12 | 13-15 | 16-18 || total
-------------------------+-------+-------+-------+-------+-------+-------++-------
Melee: Unarmed           |     4 |       |       |       |       |       ||     4
       Club              |    45 |       |       |       |       |       ||    45
       Whip              |    24 |   157 |       |       |       |       ||   181
       Flail             |       |    90 |       |       |       |       ||    90
       Dagger            |       |    47 |    48 |       |       |       ||    95
       Short sword       |       |       |    59 |     7 |       |     1 ||    67
       War axe           |       |       |    67 |   405 |  1256 |   271 ||  1999
       Executioner's axe |       |       |       |       |       |   337 ||   337
 Fire: Blowgun           |       |       |       |       |     2 |       ||     2
Throw: Stone             |     6 |     1 |       |       |       |       ||     7
       Throwing net      |       |       |       |       |       |     1 ||     1
 Cast: Flame Tongue      |    30 |    50 |    37 |   105 |   114 |    14 ||   350
       Throw Flame       |       |     5 |    12 |    28 |     7 |     5 ||    57
       Conjure Flame     |       |       |     3 |    16 |    61 |    16 ||    96
       Sticky Flame      |       |       |     1 |     2 |    23 |    14 ||    40
       Fireball          |       |       |       |       |    41 |    18 ||    59
Invok: Lesser Servant of |       |       |       |       |     5 |       ||     5
       Minor Destruction |       |       |       |       |     1 |       ||     1
       Greater Servant o |       |       |       |       |       |     9 ||     9
       Major Destruction |       |       |       |       |       |     1 ||     1
Evoke: Wand              |       |       |     9 |       |     5 |       ||    14
  Use: Scroll            |       |     5 |     4 |     9 |     9 |    19 ||    46
       Potion            |       |       |     2 |       |       |     1 ||     3
 Stab: Sleeping          |       |     3 |     1 |     1 |     3 |     2 ||    10
       Distracted        |       |       |       |       |     2 |     3 ||     5
  Eat: Chunk             |     3 |    15 |     9 |    24 |    68 |    31 ||   150
       Pizza             |       |       |     2 |       |       |       ||     2
       Beef jerky        |       |       |     1 |       |       |       ||     1
       Fruit             |       |       |       |       |     2 |    12 ||    14
